 Dungeon Crawl Stone Soup version 0.24-a0-521-g122614bf49 (webtiles) character file.

Game seed: 4379303031241307563

541 Froggeryz the Cleaver (level 7, -1/94 HPs)
             Began as a Minotaur Berserker on July 28, 2019.
             Was an Elder of Trog.
             Slain by a centaur (2 damage)
             ... on level 5 of the Dungeon.
             The game lasted 00:04:30 (3889 turns).

Froggeryz the Cleaver (Minotaur Berserker)          Turns: 3889, Time: 00:04:31

Health: -1/94      AC:  5    Str: 27    XL:     7   Next: 5%
Magic:  6/6        EV: 11    Int:  4    God:    Trog [****..]
Gold:   217        SH:  0    Dex: 11    Spells: 6/6 levels left

rFire    + . .     SeeInvis .   a - +1 hand axe
rCold    + . .     Gourm    .   (no shield)
rNeg     . . .     Faith    .   p - +0 ring mail (curse)
rPois    .         Spirit   .   (helmet restricted)
rElec    .         Reflect  .   v - scarf {rC+ rF+}
rCorr    +         Harm     .   (no gloves)
MR       .....                  (no boots)
Stlth    ..........             (no amulet)
HPRegen  0.25/turn              g - ring of resist corrosion
MPRegen  0.10/turn              (no ring)

@: berserking, very quick
A: retaliatory headbutt, horns 2
a: Berserk, Trog's Hand, Brothers in Arms, Renounce Religion


You were on level 5 of the Dungeon.
You worshipped Trog.
Trog was greatly pleased with you.
You were not hungry.

You visited 1 branch of the dungeon, and saw 5 of its levels.

You collected 217 gold pieces.

Inventory:

Hand Weapons
 a - a +1 hand axe (weapon)
Missiles
 e - 4 poisoned darts (quivered)
Armour
 p - a cursed +0 ring mail (worn)
 v - a scarf of resistance (worn)
Jewellery
 g - a ring of resist corrosion (left hand)
Wands
 w - a wand of scattershot (5)
Scrolls
 b - 2 scrolls of identify
 h - 2 scrolls of enchant weapon
 l - a scroll of teleportation
 n - a scroll of enchant armour {unknown}
 q - a scroll of amnesia {unknown}
 t - a scroll of remove curse
 u - a scroll of fear {unknown}
Potions
 d - a potion of heal wounds {unknown}
 f - 2 potions of invisibility {unknown}
 i - a potion of might {unknown}
 j - 2 potions of curing {unknown}
 k - 3 potions of lignification {unknown}
 m - 2 potions of flight {unknown}
 o - a potion of mutation {unknown}
 r - a potion of resistance {unknown}
 s - a potion of brilliance {unknown}
Comestibles
 c - 15 rations


   Skills:
 + Level 6.3 Fighting
 * Level 8.2 Axes
 - Level 2.4 Armour
 - Level 2.1 Dodging


You had 6 spell levels left.
You didn't know any spells.
Your spell library was empty.

Dungeon Overview and Level Annotations

Branches:
Dungeon (5/15)
 Temple: D:4-7

Altars:
Dithmenos


Innate Abilities, Weirdness & Mutations

You reflexively headbutt those who attack you in melee.
You have a pair of horns on your head.


Message History

The ogre hits you with a +0 giant club!!
* * * LOW HITPOINT WARNING * * *
You slice the ogre!!
You kill the ogre!
Trog accepts your kill.
Your Axes skill increases to level 8!
You have reached level 7!
The centaur shoots an arrow.
The arrow hits you.
* * * LOW HITPOINT WARNING * * *
Unknown command.
The centaur unwields a +0 shortbow.
The centaur misses you.
You barely miss the centaur. Your headbutt misses the centaur.
You slash the centaur!
The centaur is moderately wounded.
The centaur hits you.
* * * LOW HITPOINT WARNING * * *
You barely miss the centaur. Your headbutt misses the centaur.
The centaur is moderately wounded.
The centaur hits you.
You die...

...>....# ........#
...#
........#.....##..#
........#.....##..#
........#......+..#
[......##.....##..#
.......##.....##..# #
.......#......##)c##..#
.......#........@.....#
.......#..............+
.......#...(..##..#####
#......##.##..##..#
#####..#####..##.... #
#...........#..... #
#..........##....## #
#..........##....#
#......##..# .....


You could see a centaur.

Vanquished Creatures
  An ice beast (D:3)
  An ogre (D:5)
  Ijyb (D:5)
  3 worker ants (D:4)
  12 adders
  A gnoll (D:1)
  A howler monkey skeleton (D:4)
  2 oozes (D:1)
  An adder skeleton (D:5)
  3 worms (D:2)
  3 dart slugs
  7 leopard geckos
  4 orcs
  2 bats
  4 giant cockroaches
  22 goblins
  13 hobgoblins
  5 jackals
  A quokka (D:3)
  A ball python (D:3)
  8 frilled lizards
  10 kobolds
  A quokka skeleton (D:4)
  14 rats
121 creatures vanquished.

Notes
Turn   | Place    | Note
-------+----------+-------------------------------------------
     0 | D:1      | Froggeryz the Minotaur Berserker began the quest for the
                  | Orb.
     0 | D:1      | Reached XP level 1. HP: 19/19 MP: 0/0
     0 | D:1      | Noticed a draconian
     0 | D:1      | Noticed a formicid
     0 | D:1      | Noticed a felid
     5 | D:1      | Noticed a gargoyle
     7 | D:1      | Noticed a minotaur
     8 | D:1      | Noticed a draconian
     9 | D:1      | Noticed a troll
    10 | D:1      | Noticed an elf
    12 | D:1      | Noticed a gargoyle
    14 | D:1      | Noticed a formicid
    16 | D:1      | Noticed a vampire
    18 | D:1      | Noticed an octopode
    18 | D:1      | Noticed a troll
    18 | D:1      | Noticed a felid
    20 | D:1      | Noticed a vine stalker
    22 | D:1      | Noticed a centaur
    48 | D:1      | Reached skill level 4 in Axes
    68 | D:1      | Reached XP level 2. HP: 27/27 MP: 1/1
   306 | D:1      | You fall into a shaft and drop 1 floor!
   335 | D:2      | Reached XP level 3. HP: 33/33 MP: 2/2
   715 | D:2      | Reached ** piety under Trog
   747 | D:1      | Reached skill level 5 in Axes
  1427 | D:2      | Reached XP level 4. HP: 41/41 MP: 3/3
  1560 | D:2      | Reached *** piety under Trog
  2110 | D:3      | Reached skill level 6 in Axes
  2182 | D:3      | Reached XP level 5. HP: 47/47 MP: 4/4
  2244 | D:3      | Noticed an ice beast
  2246 | D:3      | Reached skill level 5 in Fighting
  2252 | D:3      | Killed an ice beast
  2294 | D:3      | Found a faded altar of an unknown god.
  2300 | D:3      | Found a shadowy altar of Dithmenos.
  2312 | D:3      | Reached skill level 7 in Axes
  2367 | D:3      | Reached XP level 6. HP: 51/56 MP: 5/5
  3023 | D:4      | Reached **** piety under Trog
  3641 | D:5      | Entered Level 5 of the Dungeon
  3653 | D:5      | Noticed Ijyb
  3662 | D:5      | Killed Ijyb
  3884 | D:5      | HP: 4/85 [ogre/+0 giant club (21)]
  3885 | D:5      | Reached skill level 8 in Axes
  3885 | D:5      | Reached XP level 7. HP: 4/63 MP: 6/6
  3888 | D:5      | HP: 1/94 [centaur (3)]
  3889 | D:5      | Slain by a centaur

Levels and vault maps discovered:
D:1:      shiori_arrival_whats_in_store_for_you, layout_loops_ring
D:2:      layout_basic, serial_glass, glass_columns_c, glass_columns_a
D:3:      kennysheep_the_goblin_king, layout_basic, grunt_dithmenos_smoke,
          chequers_ecumenical_altar_simple
D:4:      minmay_door_path, layout_basic, first_ration
D:5:      layout_gridville, kennysheep_mini_moat, basic_altar, uniq_ijyb

Skill      XL: |  1  2  3  4  5  6 |
---------------+-------------------+-----
Axes           | 4 5 6 7 8 |  8.2
Fighting       | 4 5 6 |  6.3
Armour         | |  2.4
Dodging        | |  2.1

Action                   |  1- 3 |  4- 6 |  7- 9 || total
-------------------------+-------+-------+-------++-------
Melee: Hand axe          |    83 |   174 |     3 ||   260
       Headbutt          |    17 |    27 |       ||    44
Invok: Berserk           |       |     3 |       ||     3
  Use: Scroll            |     3 |     2 |       ||     5
 Stab: Sleeping          |       |     2 |       ||     2
  Eat: Chunk             |     2 |    10 |       ||    12
Armor: Animal skin       |    10 |       |       ||    10
       Leather armour    |     1 |     6 |       ||     7
       Ring mail         |       |    44 |       ||    44
Dodge: Dodged            |    39 |    84 |     1 ||   124

Table legend:
 A = Non-vault XP
 B = Vault XP
 C = Vault XP percentage of total XP
 D = Non-vault monster count
 E = Vault monster count
 F = Vault count percentage of total count
                 A         B        C        D         E       F
            +---------+---------+-------+---------+---------+-------
      Total |     721 |      52 |   6.7 |     112 |       9 |   7.4
            +---------+---------+-------+---------+---------+-------
        D:1 |      77 |       0 |   0.0 |      34 |       0 |   0.0
        D:2 |      98 |       0 |   0.0 |      31 |       0 |   0.0
        D:3 |     261 |      13 |   4.7 |      30 |       7 |  18.9
        D:4 |     146 |       3 |   2.0 |      14 |       1 |   6.7
        D:5 |     139 |      36 |  20.6 |       3 |       1 |  25.0
            +---------+---------+-------+---------+---------+-------
